 Dungeon Crawl Stone Soup version 0.18.1-48-g4cf74bf (webtiles) character file.

48 MistressOfTheDunes the Insei (level 3, -8/29 HPs)
             Began as a Mummy Monk on July 19, 2016.
             Mangled by a worm (11 damage)
             ... on level 2 of the Dungeon.
             The game lasted 00:01:22 (2172 turns).

MistressOfTheDunes the Insei (Mummy Monk)           Turns: 2172, Time: 00:01:23

Health: -8/29      AC:  1    Str: 14    XL:     3   Next: 50%
Magic:  3/3        EV: 13    Int:  9    God:
Gold:   114        SH:  0    Dex: 15    Spells: 0 memorised, 2 levels left

rFire  x . .     SeeInvis .       - Unarmed
rCold  + . .     Gourm    .     (no armour)
rNeg   + + +     Faith    .     (no shield)
rPois  ∞         Spirit   .     (no helmet)
rElec  .         Dismiss  .     e - +0 cloak
rCorr  .         Reflect  .     (no gloves)
SustAt .         Harm     .     (no boots)
MR     .....                    (no amulet)
Stlth  ++........               (no ring)
                                (no ring)

@: not resistant to hostile enchantments, unstealthy
A: no food or potions, fire vulnerability, cold resistance 1, negative energy
resistance 3, torment resistance, unbreathing
a: no special abilities


You were on level 2 of the Dungeon.
You were not hungry.

You visited 1 branch of the dungeon, and saw 2 of its levels.

You collected 114 gold pieces.


Innate Abilities, Weirdness & Mutations

You do not eat or drink.
Your flesh is vulnerable to fire.
You are immune to poison.
Your flesh is cold resistant.
You are immune to negative energy.
You are immune to unholy pain and torment.
You can survive without breathing.


   Skills:
 - Level 3.0 Fighting
 - Level 2.4 Dodging
 - Level 1.5 Stealth
 + Level 4.3 Unarmed Combat


You had 2 spell levels left.
You didn't know any spells.

Inventory:

Armour
 e - a +0 cloak (worn)
Scrolls
 a - a scroll of fear {unknown}
 b - a scroll of teleportation {unknown}
 c - a scroll of magic mapping {unknown}
 d - 2 scrolls of identify {unknown}

Dungeon Overview and Level Annotations

Branches:
Dungeon (2/15)

Altars:

..▒.▒▒▒▒▒▒▒▒▒▒▒▒▒▒
▒.▒.▒........†...▒
▒.▒.........▒▒▒▒.▒
▒.▒▒▒.▒▒▒▒▒.▒ ▒.▒
▒.▒▒▒.▒▒....▒ ▒.▒
▒.▒▒...▒.▒▒▒▒▒ ▒.▒
▒.▒▒▒▒▒▒▒............▒
▒.▒
▒....(............▒▒.▒
▒.▒
▒▒▒▒▒▒▒▒>...<...M.▒▒.▒
▒.▒ ▒...!.....w▒.▒.▒▒.▒
▒.....(.....▒▒▒...▒
▒▒.▒▒....▒.▒.▒..▒.▒
▒!▒▒...........▒.▒▒▒▒▒▒▒
▒.▒▒......▒.>...........
▒.▒▒▒.....▒...▒▒%▒▒.▒▒▒▒
▒.▒▒..........▒▒.▒▒.▒
▒.............▒▒.▒▒.▒


You could see a worm.


Message History

You are too injured to fight recklessly!!!
You are too injured to fight recklessly!!!
You are too injured to fight recklessly!!!
You are too injured to fight recklessly!!!
You are too injured to fight recklessly!!!
You are too injured to fight recklessly!!!
You are too injured to fight recklessly!!!
You are too injured to fight recklessly!!!
You are too injured to fight recklessly!!!
You are too injured to fight recklessly!!!
You are too injured to fight recklessly!!!
You are too injured to fight recklessly!!!
You are too injured to fight recklessly!!!
You are too injured to fight recklessly!!!
You are too injured to fight recklessly!!!
You are too injured to fight recklessly!!!
You are too injured to fight recklessly!!!
You are too injured to fight recklessly!!!
You squash the worm like an ant!!!
The worm is almost dead!
You pound the worm into fine dust!
The worm is almost dead!
The worm bites you!!! * * * don't die
* * * You barely miss the worm!
The worm is almost dead!
You pulverise the worm!
The worm is almost dead!
The worm bites you!!! rip

Action                   || total
-------------------------++-------
Melee: Unarmed           ||   158
       Punch             ||     1
 Stab: Sleeping          ||     2
Armor: Skin              ||    15
Dodge: Dodged            ||   115

Vault maps used:
D:1:      dpeg_arrival_signposts, minmay_quantized

Notes
Turn   | Place    | Note
--------------------------------------------------------------
     0 | D:1      | MistressOfTheDunes the Mummy Monk began the quest for the Orb.
     0 | D:1      | Reached XP level 1. HP: 18/18 MP: 1/1
   353 | D:1      | Reached XP level 2. HP: 17/24 MP: 2/2
   937 | D:1      | Reached skill level 4 in Unarmed Combat
  1245 | D:1      | Reached XP level 3. HP: 19/29 MP: 3/3
  2172 | D:2      | Mangled by a worm

Vanquished Creatures
  An ooze (D:1)
  2 dart slugs (D:1)
  A ball python (D:1)
  6 goblins (D:1)
  3 hobgoblins (D:1)
  7 jackals
  8 bats
  A giant newt (D:1)
  6 kobolds (D:1)
  2 rats (D:1)
37 creatures vanquished.
